 Dungeon Crawl Stone Soup version 0.19.5 (webtiles) character file.

1558 Kisielow the Nimble (level 8, -4/62 HPs)
             Began as a Merfolk Transmuter on May 23, 2017.
             Splashed by a jelly's acid (8 damage)
             ... on level 6 of the Dungeon.
             The game lasted 00:10:18 (6618 turns).

Kisielow the Nimble (Merfolk Transmuter)            Turns: 6618, Time: 00:10:18

Health: -4/62      AC: -14   Str: 11    XL:     8   Next: 89%
Magic:  2/11       EV: 29    Int: 14    God:
Gold:   243        SH:  0    Dex: 19    Spells: 1 memorised, 8 levels left

rFire  . . .     SeeInvis .       - Unarmed
rCold  . . .     Gourm    .     (armour currently unavailable)
rNeg   . . .     Faith    .     (shield currently unavailable)
rPois  x         Spirit   .     (helmet currently unavailable)
rElec  .         Reflect  .     (cloak currently unavailable)
rCorr  .         Harm     .     (gloves currently unavailable)
MR     .....                    (boots currently unavailable)
Stlth  ++........               (no amulet)
                                (no ring)
                                j - +4 ring of protection

@: exhausted, spider-form, corroded, very slightly contaminated, slowed, very
slow
A: (change form in water), (swift swim), (stealthy swim)
a: End Transformation


You were on level 6 of the Dungeon.
You were very hungry.
You were a venomous arachnid creature.
You visited 1 branch of the dungeon, and saw 8 of its levels.

You collected 243 gold pieces.

Inventory:

Missiles
 a - 98 arrows
Armour
 b - a +0 robe (melded)
 k - a cursed +0 cloak (melded)
 v - a +1 helmet (melded)
Jewellery
 j - a +4 ring of protection (left front leg)
Scrolls
 l - a scroll of blinking
 n - a scroll of teleportation
 o - a scroll of enchant weapon
 r - a scroll of remove curse
Potions
 e - 2 potions of brilliance {unknown}
 h - 3 potions of mutation {unknown}
 i - a potion of magic {unknown}
 m - a potion of lignification {unknown}
 p - 7 potions of curing
 s - 2 potions of agility
 w - a potion of haste {unknown}
Books
 c - a book of Changes

   Spells                             Type                      Level
   a - Beastly Appendage              Transmutation                1
   b - Sticks to Snakes               Transmutation                2
   c - Spider Form                    Transmutation/Poison         3
   d - Ice Form                       Ice/Transmutation            4
   e - Blade Hands                    Transmutation                5
Comestibles
 d - 2 beef jerkies
 f - 2 slices of pizza
 g - 4 chunks of flesh
 t - 4 bread rations
 u - a meat ration


   Skills:
 + Level 5.3 Fighting
 * Level 8.9 Dodging
 + Level 6.9 Unarmed Combat
 - Level 2.0 Spellcasting
 - Level 6.3 Transmutations


You had 8 spell levels left.
You knew the following spells:

 Your Spells              Type           Power        Failure   Level  Hunger
q - Spider Form           Tmut/Pois      ##........   41%         3    ####...


Dungeon Overview and Level Annotations

Branches:
Dungeon (8/15)
 Temple: D:4-7         Lair: D:8-11

Altars:
Ashenzari
Cheibriados
Dithmenos
Fedhas
Nemelex Xobeh
Okawaru
Ru
Xom
The Shining One

Annotations:
D:2 Sigmund
D:6 exclusion: oklob plant


Message History

The ooze barely misses you. The ooze hits you. The ooze hits you.
* * * LOW HITPOINT WARNING * * *
The jelly hits you.
* * * LOW HITPOINT WARNING * * *
You are splashed with acid!
The acid burns!
* * * LOW HITPOINT WARNING * * *
The ooze hits you.
* * * LOW HITPOINT WARNING * * *
Casting: Spider Form
Confirm with . or Enter, or press ? or * to list all spells.
You turn into a venomous arachnid creature.
Your cursed +0 cloak melds into your body.
Your +1 helmet melds into your body.
Your +0 robe melds into your body.
You are feeling very hungry.
The jelly hits you.
* * * LOW HITPOINT WARNING * * *
The acid corrodes you!
You are splashed with acid!
The acid burns!
You die...

+........................
##...#####...####+##.##.#
##...##.#########.##.##
......................#
......................#
......................#
......................#
.................J....######
................sJJ.JJ.J...#
...........)....#J...#####J#
##...##.####..<.###### #.##
############...## #J.#
.....#..........# ##.##
.....#..........# #J.#
.....#..........# ##J#
#....#....##..### #J##
############### #.J#


You could see 3 jellies and 4 oozes.

Vanquished Creatures
  An orc warrior (D:7)
  2 ice beasts (D:7)
  2 phantoms
  2 ogres
  A centaur (D:6)
  2 bullfrogs (D:6)
  A water moccasin zombie (D:7)
  A howler monkey (D:6)
  A crimson imp (D:7)
  2 hounds (D:6)
  6 jellies
  A bullfrog skeleton (D:4)
  An iguana (D:5)
  3 orc wizards
  2 worker ants
  3 adders
  A shadow imp (D:5)
  7 oozes
  An adder skeleton (D:4)
  An adder zombie (D:5)
  3 worms
  2 dart slugs
  2 leopard geckos
  9 orcs
  2 ball pythons
  4 giant cockroaches
  4 goblins
  6 hobgoblins (D:1)
  7 jackals
  3 kobolds
  2 quokkas
  3 bats
  3 frilled lizards
  9 rats
100 creatures vanquished.

Vanquished Creatures (others)
  5 fungi (D:6)
5 creatures vanquished.

Grand Total: 105 creatures vanquished

Notes
Turn   | Place    | Note
-------+----------+-------------------------------------------
     0 | D:1      | Kisielow the Merfolk Transmuter began the quest for the Orb.
     0 | D:1      | Reached XP level 1. HP: 15/15 MP: 3/3
   454 | D:1      | Reached XP level 2. HP: 10/21 MP: 5/5
  1207 | D:1      | Reached XP level 3. HP: 24/26 MP: 6/6
  1255 | D:1      | Learned a level 3 spell: Spider Form
  1516 | D:2      | Noticed Sigmund
  1624 | D:3      | Found a blossoming altar of Fedhas.
  1790 | D:3      | HP: 1/26 [worm (10)]
  2214 | D:3      | Reached skill level 5 in Unarmed Combat
  3143 | D:4      | Reached XP level 4. HP: 27/32 MP: 0/7
  3356 | D:4      | Found an iron altar of Okawaru.
  3462 | D:4      | Reached XP level 5. HP: 37/37 MP: 4/8
  3825 | D:4      | Found a sacrificial altar of Ru.
  3998 | D:4      | Reached skill level 5 in Transmutations
  4079 | D:5      | Entered Level 5 of the Dungeon
  4124 | D:5      | Found a shadowy altar of Dithmenos.
  4161 | D:5      | Noticed an ogre
  4179 | D:5      | Killed an ogre
  4345 | D:5      | Reached skill level 3 in Dodging
  4345 | D:5      | Reached XP level 6. HP: 43/43 MP: 5/9
  4393 | D:5      | Found a shattered altar of Ashenzari.
  4489 | D:5      | Noticed a phantom
  4520 | D:5      | Killed a phantom
  4873 | D:4      | Found an iron altar of Okawaru.
  4963 | D:5      | Reached skill level 4 in Dodging
  5331 | D:5      | You fall through a shaft for 3 floors!
  5331 | D:8      | Noticed a phantom
  5332 | D:8      | Noticed an ice beast
  5336 | D:8      | Noticed an ice beast
  5350 | D:7      | Killed an ice beast
  5350 | D:7      | Reached skill level 5 in Dodging
  5350 | D:7      | Reached XP level 7. HP: 24/51 MP: 4/10
  5582 | D:7      | Reached skill level 6 in Dodging
  5874 | D:7      | Reached XP level 8. HP: 42/60 MP: 8/11
  5910 | D:7      | Found a glowing golden altar of the Shining One.
  5921 | D:6      | Found a sparkling altar of Nemelex Xobeh.
  5989 | D:6      | Reached skill level 7 in Dodging
  6105 | D:6      | Reached skill level 8 in Dodging
  6418 | D:6      | Found a faded altar of an unknown god.
  6418 | D:6      | Found a snail-covered altar of Cheibriados.
  6433 | D:6      | Found a faded altar of an unknown god.
  6435 | D:6      | Found a shimmering altar of Xom.
  6437 | D:6      | Found a faded altar of an unknown god.
  6548 | D:6      | Noticed an oklob plant
  6557 | D:6      | Reached skill level 5 in Fighting
  6618 | D:6      | Splashed by a jelly's acid

Skill      XL: |  1  2  3  4  5  6  7  8 |
---------------+-------------------------+-----
Unarmed Combat | 4 5 6 |  6.9
Transmutations | 4 6 |  6.3
Dodging        | 3 5 6 8 |  8.9
Fighting       | 2 3 5 |  5.3
Spellcasting   | |  2.0

Action                   |  1- 3 |  4- 6 |  7- 9 || total
-------------------------+-------+-------+-------++-------
Melee: Unarmed           |   168 |   105 |   138 ||   411
       Punch             |     4 |       |     1 ||     5
       Headbutt          |     2 |       |       ||     2
 Cast: Spider Form       |     4 |    15 |    16 ||    35
       Beastly Appendage |     4 |       |       ||     4
  Use: Scroll            |       |    11 |     1 ||    12
       Potion            |       |       |     2 ||     2
 Stab: Sleeping          |     2 |       |       ||     2
  Eat: Chunk             |     5 |     5 |     2 ||    12
       Bread ration      |     1 |       |       ||     1
       Pizza             |     1 |       |       ||     1
       Meat ration       |       |       |     1 ||     1
Armor: Robe              |    20 |     2 |     8 ||    30
       Skin              |       |     6 |     5 ||    11
Dodge: Dodged            |    98 |    72 |   118 ||   288
